[Event "55th Iranian-ch Men Final 2022"]
[Site "Iran"]
[Date "2022.06.18"]
[Round "5.5"]
[White "Ashraf, Artin"]
[Black "Khamisi, S Jafar"]
[Result "0-1"]
[ECO "D23"]
[WhiteElo "2096"]
[BlackElo "2118"]
[Annotator "TA"]
[PlyCount "76"]
[EventDate "2022.06.15"]
[EventType "tourn"]
[EventCountry "IRI"]
[SourceTitle "playchess.com"]
[Source "ChessBase"]
[SourceQuality "1"]
[TimeControl "40/5400+30:1800+30"]

1. d4 d5 2. c4 c6 3. Nf3 Nf6 4. Qc2 dxc4 5. Qxc4 Bf5 6. g3 e6 7. Bg2 Nbd7 8. O-O Be7 9. e3 h6 {[%emt 0:01:01] D23: Queen's Gambit Accepted: 3 Nf3 Nf6 sidelines.} 10. Rd1 O-O 11. Qe2 {[%emt 0:00:50] 11.Nc3 is not played anymore.} Rc8 {[%emt 0:03:34] The position is equal. Recently 11...Bh7 got a lot of attention.} 12. Nc3 Ne4 13. Ne1 Nxc3 14. bxc3 Qc7 {[%emt 0:07:28] [#]} 15. c4 $146 ({Predecessor:} 15. Nd3 Bh7 16. e4 c5 17. Bf4 Qa5 18. Rac1 Qa6 19. Be3 Nf6 20. f3 cxd4 21. cxd4 Ba3 22. Rxc8 {½-½ (22) Kunte,A (2538)-Deepan Chakkravarthy,J (2461) Mumbai 2012}) 15... Rfd8 16. Bb2 (16. e4 $5 Bh7 17. Rb1 $14) 16... c5 17. e4 Bg6 18. d5 exd5 $1 19. cxd5 {[%emt 0:08:46] aiming for e5.} Bd6 {[%emt 0:16:43] Prevents e5.} 20. f4 c4 21. Rac1 Bb4 22. Bd4 ({Better is} 22. f5 $16 Bh5 23. Qxh5 Bxe1 24. Bxg7 (24. Rxe1 Qb6+ 25. Kh1 Qxb2 $15) 24... Kxg7 25. Rxe1) 22... b5 23. Qb2 (23. Rb1 $14 Qa5 24. f5) 23... Qa5 $11 24. Nc2 {[%emt 0:02:56] Prevents Ba3.} (24. Bxg7 $2 c3 25. Bxc3 Bxc3 $19) 24... Bf8 25. Ne3 Nc5 26. f5 Bh7 27. a4 $2 (27. Rb1 $11 {and White has nothing to worry.} a6 28. e5) 27... Nxa4 (27... Nb3 $1 $19 {and Black stays clearly on top.} 28. e5 (28. axb5 $2 Ba3 $19) 28... Nxd4 29. Qxd4 Bc5) 28. Qf2 c3 (28... Bc5 $17 {And now ...Bxd4 would win.} 29. Ra1 Bxd4 30. Rxd4 Qc3) 29. e5 $2 (29. Ra1 $15) 29... b4 $2 (29... Nb2 $1 $19 {[%cal Rb2d1] is more deadly.} 30. d6 Nxd1 31. Rxd1 b4) 30. f6 b3 $2 (30... g5 $1 $17 {Strongly threatening ...Nb2.} 31. e6 b3) 31. e6 $14 {[%emt 0:00:31] Threatens to win with fxg7.} ({Weaker is} 31. fxg7 Bxg7 32. e6 fxe6 33. Bxg7 Kxg7 $19) 31... fxe6 {[%emt 0:00:46] [#]} ({Black should play} 31... g5 $1 $14) 32. fxg7 $2 (32. Bh3 $1 $16 {[%cal Rh3e6] is forced if you want to stay better.} e5 33. Be6+ Kh8 34. Bxe5) 32... Bxg7 $17 {[%emt 0:00:23] Really sharp!} 33. Bxg7 Kxg7 34. dxe6 {[%emt 0:01:17] [#] Intending Qf7+ and mate.} Qe5 ({Black should try} 34... Bg6 $1 $17 35. Be4 Rf8 36. Rd7+ Kg8) 35. Nd5 $2 (35. Rxd8 $11 Rxd8 36. Rf1) 35... b2 $19 {[%emt 0:00:57] ...c2 is the strong threat.} 36. Qf7+ Kh8 37. Nf6 Bg8 38. Qg6 Qe3+ {[%emt 0:00:19] Weighted Error Value: White=1.00/Black=0.41} 0-1

[Event "55th Iranian-ch Men Final 2022"]
[Site "Iran"]
[Date "2022.06.18"]
[Round "5.6"]
[White "Ghaem Maghami, Ehsan"]
[Black "Darini, Pouria"]
[Result "1/2-1/2"]
[ECO "A33"]
[WhiteElo "2519"]
[BlackElo "2431"]
[Annotator "TA"]
[PlyCount "53"]
[EventDate "2022.06.15"]
[EventType "tourn"]
[EventCountry "IRI"]
[SourceTitle "playchess.com"]
[Source "ChessBase"]
[SourceQuality "1"]
[TimeControl "40/5400+30:1800+30"]

1. Nf3 c5 2. c4 Nc6 3. d4 cxd4 4. Nxd4 Nf6 5. Nc3 e6 6. Bf4 d5 7. Ndb5 e5 8. cxd5 exf4 9. dxc6 bxc6 10. Qxd8+ Kxd8 11. Rd1+ Bd7 12. Nd6 Kc7 13. Nxf7 Rg8 14. Ne5 {[%emt 0:10:04] A33: Symmetrical English: 2 Nf3 Nf6 3 d4 cxd4 4 Nxd4 e6 5 Nc3 Nc6.} Rb8 $1 15. Nxd7 Nxd7 16. g3 Rxb2 {[%emt 0:15:31] [#] White must now prevent ...Bb4.} 17. Bh3 Nc5 18. O-O Rc2 19. Rc1 Rxc1 20. Rxc1 {[%emt 0:00:06] [#]} g5 $146 ({Predecessor:} 20... fxg3 21. hxg3 Be7 22. Bg2 Rb8 23. Rc2 Rb4 24. e3 Rc4 25. Bf1 Rb4 26. Ne2 Rb1 {½-½ (52) Kortschnoj,V (2600)-Portisch,L (2620) Bad Kissingen 1983}) 21. Bf5 Rg7 22. Kg2 Rf7 23. g4 {[%emt 0:01:45] The position is equal.} h6 24. Kf3 Be7 25. Nb1 Rf8 26. Nd2 Rb8 27. Ne4 {[%emt 0:09:25] Weighted Error Value: White=0.03 (flawless) /Black=0.02 (flawless)} 1/2-1/2

[Event "55th Iranian-ch Men Final 2022"]
[Site "Iran"]
[Date "2022.06.18"]
[Round "5.7"]
[White "Mousavi, Seyed Khalil"]
[Black "Atakhan, Abtin"]
[Result "1/2-1/2"]
[ECO "A36"]
[WhiteElo "2524"]
[BlackElo "2358"]
[Annotator "TA"]
[PlyCount "36"]
[EventDate "2022.06.15"]
[EventType "tourn"]
[EventCountry "IRI"]
[SourceTitle "playchess.com"]
[Source "ChessBase"]
[SourceQuality "1"]
[TimeControl "40/5400+30:1800+30"]

1. e4 c5 2. c4 Nc6 3. Nc3 g6 4. g3 Bg7 5. Bg2 d6 6. Nge2 Bd7 7. d3 {[%emt 0:00:30] A36: Symmetrical English vs ...g6: 4 Bg2 Bg7.} Qc8 8. h3 Rb8 9. Be3 {[%emt 0:00:30] [#] White has an edge.} Nd4 $146 ({Predecessor:} 9... Nf6 10. b3 O-O 11. d4 a6 12. dxc5 dxc5 13. Bxc5 b6 14. Be3 Rd8 15. Nd5 e6 16. Nxb6 {½-½ (42) Serovey,M (1866)-Laine,J (2040) ICCF email 2012}) 10. Rc1 e6 11. Qd2 a6 12. O-O e5 13. Bxd4 (13. f4 $5 ) 13... cxd4 14. Nd5 Nf6 15. Nb6 {[%emt 0:13:02] Pair of Knights!} Qc7 16. Qb4 O-O 17. f4 Bc6 18. c5 Nd7 {[%emt 0:00:00] Weighted Error Value: White=0.09 (flawless) /Black=0.10 (very precise)} 1/2-1/2

[Event "55th Iranian-ch Men Final 2022"]
[Site "Iran"]
[Date "2022.06.19"]
[Round "6.1"]
[White "Mosadeghpour, Masoud"]
[Black "Atakhan, Abtin"]
[Result "1-0"]
[ECO "B94"]
[WhiteElo "2474"]
[BlackElo "2358"]
[Annotator "TA"]
[PlyCount "111"]
[EventDate "2022.06.15"]
[EventType "tourn"]
[EventCountry "IRI"]
[SourceTitle "playchess.com"]
[Source "ChessBase"]
[SourceQuality "1"]
[TimeControl "40/5400+30:1800+30"]

1. e4 c5 2. Nf3 d6 3. d4 cxd4 4. Nxd4 Nf6 5. Nc3 a6 6. Nb3 e5 7. Bg5 Be6 {[%emt 0:02:00] B94: Sicilian Najdorf: 6 Bg5 Nbd7.} 8. Qd2 Be7 {[%emt 0:07:01] 8...Be7 scores better than 8...Nbd7.} 9. f4 h6 (9... Nbd7 $11) 10. Bxf6 $14 Bxf6 11. f5 Bxb3 12. axb3 {[%emt 0:00:00] [#]} Nc6 $146 ({Predecessor:} 12... Nd7 13. Bc4 Nb6 14. O-O O-O 15. Kh1 Rc8 16. Bd3 d5 17. Qe2 d4 18. Nd1 Bg5 {½-½ (25) Ramanauskas,L (1765)-Cekanauskas,J (1732) Panevezys 2012}) 13. Nd5 Bg5 14. Qf2 Rc8 15. h4 Bf6 16. c3 {[%emt 0:00:00] White is much more active.} Ne7 17. Nxf6+ gxf6 18. Rh3 Rg8 (18... d5 $142) 19. O-O-O Rc6 20. Qd2 h5 21. Qh6 (21. Rd3 $16) 21... Qb6 22. Qxf6 (22. Bc4 Qf2 $11) 22... Rg4 $1 23. Qh8+ (23. Bc4 d5 24. Qh8+ (24. Qxe5 $2 f6 $19) 24... Rg8 25. Qxh5 (25. Qxe5 f6 $17) 25... dxc4 26. bxc4 Rd6 27. Rxd6 Qxd6 $17) 23... Ng8 $1 24. Rhd3 {[%emt 0:04:19] g3 is the strong threat.} (24. Kc2 $5 ) 24... Ke7 25. f6+ Nxf6 26. Rf3 Rf4 27. Bc4 Rxf3 28. gxf3 Qe3+ 29. Rd2 b5 30. Qa8 {[%emt 0:01:05] Dancing on a razor blade.} Qc5 31. Bd5 Rc7 32. Kb1 ({Avoid the trap} 32. Qxa6 $2 b4 33. Kd1 (33. Bc4 $2 Ra7 $19) 33... bxc3 34. bxc3 Qe3 $19) 32... b4 33. Rd3 (33. Bc4 $11 {remains equal.}) 33... Qg1+ $17 34. Ka2 {[%emt 0:00:11] [#]} (34. Kc2 $142) 34... Qb6 $2 (34... Qf1 $1 $17 35. Qb8 Ne8) 35. Bc4 $11 Rc5 {[%emt 0:00:25] ( -> ...Ra5+)} 36. cxb4 Qxb4 37. Rc3 Qb6 38. Kb1 $36 {[%emt 0:00:26][%mdl 2048] White is more active.} a5 ({Black should play} 38... d5 $11 39. Qxa6 (39. exd5 Nxd5 40. Bxd5 Qg6+ 41. Be4 Qg1+ 42. Kc2 Qf2+ 43. Kd1 Qf1+ 44. Kd2 Qf2+ 45. Kc1 Qe1+ 46. Kc2 Qf2+ 47. Kd1 Qf1+ 48. Kd2 Qf2+ 49. Kd3 Qf1+ 50. Ke3 Qe1+ 51. Kd3 Qd1+ 52. Ke3 Qe1+ 53. Kd3 Qd1+ 54. Ke3 Qe1+ $11) 39... Qxa6 40. Bxa6 Rxc3 41. bxc3 dxe4 42. fxe4 Nxe4) 39. Qh8 $14 d5 $2 {[%emt 0:01:07] [#] Black cannot hold the game after this.} (39... Qc6 $14) 40. exd5 $1 $18 Qd6 41. Re3 a4 42. Qg7 axb3 43. Bxb3 Rb5 44. Qg5 Kd8 45. Bc4 Rb4 46. b3 Rb6 47. Qxe5 Qc5 48. Kc2 Nd7 49. Qe8+ Kc7 50. Rc3 ({Much less strong is} 50. Re7 Qf2+ 51. Kb1 Qg1+ 52. Kc2 Qf2+ 53. Kc1 Qg1+ 54. Kc2 Qf2+ $18) 50... Kd6 51. Qxf7 Qf2+ 52. Kb1 {[%emt 0:00:13][%cal Oc4b5] Threatens to win with Bb5!} Qd4 53. Qe6+ Kc5 $2 {[%emt 0:00:28] [#]} (53... Kc7 $18 54. Qe1 Kd8) 54. Qxd7 $1 {[%emt 0:01:12] White mates.} Rg6 (54... Qe5 55. Qa7) 55. Qa7+ Rb6 56. Qa3+ {[%emt 0:02:27] Weighted Error Value: White=0.14 (very precise) /Black=0.31} 1-0

[Event "55th Iranian-ch Men Final 2022"]
[Site "Iran"]
[Date "2022.06.19"]
[Round "6.2"]
[White "Darini, Pouria"]
[Black "Mousavi, Seyed Khalil"]
[Result "0-1"]
[ECO "B07"]
[WhiteElo "2431"]
[BlackElo "2524"]
[Annotator "TA"]
[PlyCount "68"]
[EventDate "2022.06.15"]
[EventType "tourn"]
[EventCountry "IRI"]
[SourceTitle "playchess.com"]
[Source "ChessBase"]
[SourceQuality "1"]
[TimeControl "40/5400+30:1800+30"]

1. e4 d6 2. d4 Nf6 3. Nc3 g6 4. Be3 c6 5. h3 Nbd7 6. f4 b5 {[%emt 0:04:03] B07: Pirc Defence: Miscellaneous Systems.} 7. a3 Nb6 8. Nf3 d5 {[%emt 0:08:33] [#] White is slightly better.} 9. Ne5 $146 (9. e5 $14) ({Predecessor:} 9. e5 Nh5 10. Kf2 Ng7 11. g4 h5 12. Rg1 Bd7 13. Be2 Qc8 14. Ne1 Nc4 15. Bc1 hxg4 16. hxg4 {1-0 (31) Fressinet,L (2702)-Onischuk,V (2612) Bastia 2015}) 9... Nxe4 $11 10. Nxe4 (10. Nxc6 Nxc3 11. Qd3 (11. bxc3 Qc7 $17) 11... Qc7 12. Qxc3 a6 $17) 10... dxe4 11. Nxc6 Qd6 (11... Qd5 $5 12. Nb4 Qd7 $11) 12. Ne5 a6 13. c4 bxc4 14. Bxc4 ({Reject} 14. Nxc4 Nxc4 15. Bxc4 Bg7 $15) 14... e6 15. Bb3 Be7 16. O-O {[%emt 0:01:21][%cal Of4f5] Threatens to win with f5!} O-O 17. f5 exf5 18. Bf4 Qf6 (18... Bf6 $15 {keeps the upper hand.} 19. Rc1 Qd8) 19. Rc1 $1 $18 {[%emt 0:01:48] Black must now prevent Rc6.} Bb7 {[%emt 0:02:28] [#] Prevents Rc6.} (19... Bd6 $16) 20. Rc7 $2 (20. Nxf7 $1 $18 Rxf7 21. Be5) 20... Bd5 $17 {[%emt 0:00:22] ...Bd6 is the strong threat.} 21. Nd7 Nxd7 22. Bxd5 Rad8 23. Rc6 {[%emt 0:00:22] Inhibits Bd6.} Qh4 {[%emt 0:00:55] Hoping for ...Nb8.} 24. Rxa6 Nf6 $36 {[%emt 0:01:10][%mdl 2048] Black has strong initiative.} 25. Bc4 Bc5 ({Black should play} 25... Nd5 26. Bxd5 Rxd5) 26. Be5 Nd7 27. Bc7 {[%emt 0:01:27] [#]} Nb8 $1 28. Bxd8 (28. Bxf7+ $17 Rxf7 29. Bxd8 Qxd8 30. dxc5 Qxd1 31. Rxg6+ hxg6 32. Rxd1) 28... Rxd8 $19 29. Ra4 (29. Ra5 $142 Rxd4 30. Bxf7+ (30. Rxc5 Rxd1 31. Rxd1 Kg7 $17) 30... Kg7 31. Qb3 Rd3+ 32. Rxc5 Rxb3 33. Bxb3) 29... Rxd4 ({Worse is} 29... Bxd4+ 30. Kh1 Be5 31. Qb3 $15) 30. Bxf7+ Kxf7 31. Qb3+ Ke7 {[%emt 0:00:00] ( -> ...Rd3+)} 32. Kh1 $2 (32. Rxd4 Bxd4+ 33. Kh1) 32... Rxa4 {[%emt 0:00:00] Black is clearly winning.} 33. Qxb8 Bd6 {[%emt 0:00:00] Inhibits Qc7+.} 34. Qb7+ Kf6 {[%emt 0:00:00] Never resign too early!  Weighted Error Value: White=0.70/Black=0.22 (precise)} 0-1

[Event "55th Iranian-ch Men Final 2022"]
[Site "Iran"]
[Date "2022.06.19"]
[Round "6.3"]
[White "Khamisi, S Jafar"]
[Black "Ghaem Maghami, Ehsan"]
[Result "0-1"]
[ECO "B90"]
[WhiteElo "2118"]
[BlackElo "2519"]
[Annotator "TA"]
[PlyCount "102"]
[EventDate "2022.06.15"]
[EventType "tourn"]
[EventCountry "IRI"]
[SourceTitle "playchess.com"]
[Source "ChessBase"]
[SourceQuality "1"]
[TimeControl "40/5400+30:1800+30"]

1. e4 c5 2. Nf3 d6 3. d4 cxd4 4. Nxd4 Nf6 5. Nc3 a6 6. Be3 e5 7. Nb3 Be6 8. Qd2 Nbd7 9. f3 Be7 10. g4 b5 11. g5 {[%emt 0:00:00] B90: Sicilian Najdorf: Unusual White 6th moves, 6 Be3 Ng4 and 6 Be3 e5.} b4 12. Nd5 Nxd5 13. exd5 {[%emt 0:00:00] The position is equal.} Bf5 14. h4 $1 a5 15. Bd3 Bxd3 16. Qxd3 O-O 17. O-O-O f5 {[%emt 0:01:38] was the old line (17...a4).} 18. gxf6 (18. Nd2 $11) 18... Nxf6 $15 19. Nd2 Nh5 {[%emt 0:01:36] [#]} 20. Kb1 $146 ({Predecessor:} 20. Rhg1 Nf4 21. Bxf4 Rxf4 22. h5 Bg5 23. Kb1 Rd4 24. Qe2 Bxd2 25. Rxd2 Rh4 26. Qg2 Qf6 27. Qg5 Qxg5 28. Rxg5 Rh1+ {0-1 (28) Bieszk,S (848)-Velasco,J (800) LSS email 2015}) 20... Qd7 21. Bg5 (21. Rdg1 $11) 21... Nf4 $17 22. Qe3 h6 (22... Bxg5 23. hxg5 Qc7 24. Rh2 $14 (24. Qe4 g6 $11)) 23. Bxe7 Qxe7 24. Ne4 Rab8 25. Rd2 a4 $1 26. c4 bxc3 $1 27. Qxc3 {[%emt 0:00:00] [#]} Rb6 (27... Ng6 $1 $17 28. h5 Nh4) 28. Qa5 $11 Qb7 29. Qxa4 Ra8 ({Don't take} 29... Nxd5 30. Qc4 Kh8 31. Qxd5 $16) 30. Qc4 Rc8 31. Qa4 Ra8 {[%emt 0:05:22][%mdl 1024] Black has compensation.} 32. Qc4 Rba6 33. b3 $1 Rc8 $36 {[%emt 0:00:33][%mdl 2048] Black is more active.} 34. Qf1 Rb6 35. Qd1 Ra8 36. Rhh2 Ra5 37. Nc3 Rb4 38. Kb2 Qa7 39. a4 (39. Rh1 $11 {keeps the balance.}) 39... Qe3 {[%emt 0:00:35] Black is much more active.} 40. Rh1 Rd4 41. Rxd4 exd4 42. Ne4 Rxd5 ({But not} 42... Nxd5 43. Re1 Nc3 44. Qd2 Qxd2+ 45. Nxd2 $16) 43. Rg1 $2 (43. Ka3 $11 Ne2 44. Qc2) 43... Re5 $19 {[%emt 0:05:37] Strongly threatening ...d5.} 44. Ka3 {[%emt 0:06:35] Threatens to win with Nf6+.} Ne2 45. Nf6+ {[%emt 0:01:24] [#]} Kf7 $1 46. Ng4 Qxg1 47. Nxe5+ dxe5 48. Qxg1 (48. Qxe2 Qa1+ 49. Qa2) 48... Nxg1 49. a5 d3 50. Kb2 Nxf3 {[%emt 0:00:42] ( -> ...Nd4)} 51. a6 Nd4 {[%emt 0:01:45] Weighted Error Value: White=0.53/Black=0.08 (flawless)} 0-1

[Event "55th Iranian-ch Men Final 2022"]
[Site "Iran"]
[Date "2022.06.19"]
[Round "6.4"]
[White "Daneshvar, Bardiya"]
[Black "Ashraf, Artin"]
[Result "1/2-1/2"]
[ECO "B13"]
[WhiteElo "2486"]
[BlackElo "2096"]
[Annotator "TA"]
[PlyCount "94"]
[EventDate "2022.06.15"]
[EventType "tourn"]
[EventCountry "IRI"]
[SourceTitle "playchess.com"]
[Source "ChessBase"]
[SourceQuality "1"]
[TimeControl "40/5400+30:1800+30"]

1. e4 c6 2. d4 d5 3. exd5 cxd5 4. Bd3 Nf6 5. c3 Qc7 6. h3 g6 7. Nf3 Nc6 8. O-O {[%emt 0:00:10] B13: Caro-Kann: Exchange Variation and Panov-Botvinnik Attack.} Bf5 9. Bxf5 gxf5 10. Na3 a6 11. c4 {[%emt 0:09:02] [#]} Bg7 $146 ({Predecessor:} 11... Rd8 12. Qd3 e6 13. Bg5 Bg7 14. c5 O-O 15. Nc2 Kh8 16. b4 Rg8 17. a4 h6 {½-½ (55) Dudek,R (2240)-Rosner,J (2424) Baden 2018}) 12. b3 (12. Bg5 $5 ) 12... O-O 13. Be3 Rad8 14. Qc1 Ne4 15. Nc2 Qd6 {[%emt 0:05:47] Inhibits Bh6.} 16. c5 Qg6 17. Bf4 f6 18. Qd1 Qh5 {[%emt 0:04:10] Against Nh4} 19. Nd2 (19. b4 $11) 19... Qh4 ({Black should play} 19... Qxd1 $17 20. Rfxd1 Nc3) 20. Nxe4 ({White should try} 20. Bh2 $15) 20... fxe4 (20... dxe4 $17 21. Qc1 Qh5) 21. Qd2 $15 Qh5 22. Rad1 (22. Be3 $11) 22... e5 $17 23. Bh2 Bh6 24. Qc3 Bf4 (24... Kh8 $17) 25. Rfe1 {[%emt 0:02:30] [#]} (25. Bxf4 $11 {and White stays safe.} exf4 26. Qd2) 25... Kh8 $1 $19 26. dxe5 $2 (26. Kh1) 26... Bxh2+ ({Not} 26... Bxe5 27. Nd4 $17) ({Avoid the trap} 26... fxe5 $2 27. Rf1 $19 (27. Bxf4 $2 Rxf4 28. Ne3 d4 $19)) 27. Kxh2 fxe5 28. Qd2 Rg8 29. Qe2 Qf7 30. Rf1 Qe7 31. b4 Nd4 (31... Qg5 $17 32. Qg4 Qf6) 32. Nxd4 $11 exd4 {[%emt 0:00:22] [#]} (32... Qg7 $1 $11 {keeps the balance.} 33. Qg4 Qf7) 33. Qb2 $1 $16 Rg6 34. Qxd4+ Qg7 35. Qxg7+ Kxg7 {[%emt 0:00:01][%mdl 4096] Endgame KRR-KRR} 36. Rfe1 {[%emt 0:01:05] Threatens to win with Rxe4.} Re6 37. f3 e3 38. Rd4 Kf6 39. f4 Re4 (39... h5 $16 {keeps fighting.}) 40. Rxe4 $18 dxe4 41. Rxe3 {[%emt 0:03:34] KR-KR} ({White has to play} 41. g4 $16) 41... Kf5 $11 42. Kg3 Rg8+ 43. Kf2 {[%emt 0:00:04] g3 is the strong threat.} Kxf4 {[%emt 0:00:12][%cal Og8g2] And now ...Rxg2+! would win.} 44. g3+ (44. Re1 $14) 44... Ke5 {[%emt 0:00:06] The position is equal.} 45. Ke2 h5 46. Ra3 Kd4 47. Re3 Rg7 {[%emt 0:00:44] Black escapes into a draw.  Weighted Error Value: White=0.28 (precise) /Black=0.21 (precise)} 1/2-1/2

[Event "55th Iranian-ch Men Final 2022"]
[Site "Iran"]
[Date "2022.06.19"]
[Round "6.5"]
[White "Daghli, Arash"]
[Black "Tahbaz, Arash"]
[Result "0-1"]
[ECO "D36"]
[WhiteElo "2441"]
[BlackElo "2451"]
[Annotator "TA"]
[PlyCount "86"]
[EventDate "2022.06.15"]
[EventType "tourn"]
[EventCountry "IRI"]
[SourceTitle "playchess.com"]
[Source "ChessBase"]
[SourceQuality "1"]
[TimeControl "40/5400+30:1800+30"]

1. d4 Nf6 2. c4 e6 3. Nc3 d5 4. cxd5 exd5 5. Bg5 c6 6. e3 h6 7. Bh4 Be7 8. Bd3 O-O 9. Qc2 Ne8 {[%emt 0:00:05][%cal Bf6e8,Be8d6,Bd6c4][%mdl 32] D36: Queen's Gambit Declined: Exchange Variation: Main line (5 Bg5 c6 6 Qc2).} 10. Bg3 Nd6 $1 {[%emt 0:00:06][%mdl 4] is now more promising than 10...Bd6.} 11. Nge2 {[%emt 0:01:34] [#]} a5 $146 {[%emt 0:00:06] White has an edge.} ({Predecessor:} 11... Re8 12. O-O Bf8 13. Bf4 Be6 14. f3 Nd7 15. Rad1 b5 16. e4 Rc8 17. e5 Nc4 {½-½ (70) Grischuk,A (2764)-Carlsen,M (2856) Warsaw 2021}) 12. O-O Na6 13. a3 {[%emt 0:00:08] Prevents Nb4.} Re8 14. f3 Nc4 15. Bf2 b5 16. e4 Rb8 17. exd5 cxd5 18. Nf4 Nc7 19. Rfe1 Bb7 20. Kh1 (20. a4 $5 ) 20... Bd6 21. Rxe8+ Qxe8 22. Nh5 Bc6 23. Re1 Qd8 24. Ne2 Qg5 25. h4 Qd2 (25... Qxh5 $2 26. g4 $18) 26. Bh7+ (26. Qxd2 $11 Nxd2 27. Bg3 Bxg3 28. Nhxg3) 26... Kf8 {[%emt 0:05:38] aiming for ...Qxc2.} 27. Qxd2 Nxd2 28. Rc1 (28. Nhg3 $15) 28... Nc4 $17 {[%emt 0:01:15] White must now prevent ...g6.} 29. Bb1 (29. Nhf4 $17) 29... Bd7 30. Bg3 Bxg3 31. Nhxg3 Rb7 32. Bf5 Bxf5 33. Nxf5 {[%emt 0:00:01] [#]} g6 $1 34. Nxh6 Nxb2 35. Ng4 (35. Rc6 $17) 35... Nc4 $19 36. Ra1 (36. Rc3 {was called for.}) 36... b4 37. axb4 axb4 {[%emt 0:00:01] Hoping for ...b3.} 38. Ne5 Nb5 (38... b3 $142 39. Rb1 b2) 39. Rb1 {[%emt 0:00:41] [#]} Nba3 $1 40. Rb3 Na5 41. Rb2 b3 42. Nc3 N5c4 43. Re2 (43. Nd7+ {was forced.} Rxd7 44. Rxb3) 43... Nxe5 {[%emt 0:01:13] Weighted Error Value: White=0.27 (precise) /Black=0.06 (flawless)} 0-1

[Event "55th Iranian-ch Men Final 2022"]
[Site "Iran"]
[Date "2022.06.19"]
[Round "6.6"]
[White "Poormosavi, Seyed Kian"]
[Black "Rastbod, Ali"]
[Result "0-1"]
[ECO "B01"]
[WhiteElo "2358"]
[BlackElo "2362"]
[Annotator "TA"]
[PlyCount "68"]
[EventDate "2022.06.15"]
[EventType "tourn"]
[EventCountry "IRI"]
[SourceTitle "playchess.com"]
[Source "ChessBase"]
[SourceQuality "1"]
[TimeControl "40/5400+30:1800+30"]

1. e4 d5 2. exd5 Qxd5 3. Nc3 Qd6 4. g3 g6 5. Bg2 Bg7 6. Nge2 {[%emt 0:00:26] B01: Scandinavian Defence.} Nc6 7. O-O {[%emt 0:02:20][%cal Od2d4] [#]} Nh6 $146 ({Predecessor:} 7... a6 8. d3 Nf6 9. Ne4 Nxe4 10. dxe4 O-O 11. Qxd6 cxd6 12. Nf4 Rb8 13. c3 b5 {0-1 (32) Schoorl,R (2337)-Milchev,N (2422) Copenhagen 2014}) 8. d4 {[%emt 0:03:40][%cal Bd2d4,Bd4d5][%mdl 32] White is slightly better.} Nf5 9. Ne4 Qd8 10. c3 O-O 11. Nc5 e5 12. d5 Nce7 13. Qb3 Nd6 14. f4 b6 (14... Bg4 15. fxe5 Bxe5 16. Re1 $14) 15. fxe5 bxc5 16. exd6 cxd6 17. Bf4 h6 18. Rae1 g5 19. Bc1 Ng6 20. Qc2 f5 21. c4 Ne5 22. b3 Bd7 23. Bd2 Qe8 24. Nc1 (24. Nf4 $1 $11) 24... Qh5 $15 {[%emt 0:04:34] [#] Strongly threatening ...Ng4.} 25. h3 {[%emt 0:02:27] Prevents Ng4.} (25. Qd1 $17 Qxd1 26. Rxd1) 25... f4 $1 $19 26. gxf4 Bxh3 $40 {[%emt 0:00:08][%mdl 128] Black attacks with force.} 27. Bc3 $2 (27. Bxh3 $17 {nothing else works.} Qxh3 28. Qc3 (28. fxe5 $2 Bxe5 29. Be3 Rxf1+ 30. Rxf1 Qxe3+ 31. Qf2 Qxf2+ 32. Kxf2 Rf8+ 33. Kg2 Rxf1 $19) 28... Qg4+ 29. Kh2) 27... Bxg2 28. Qxg2 gxf4 ({Weaker is} 28... Rxf4 29. Rxf4 gxf4 30. Bxe5 dxe5 31. Qh1 (31. Nd3 $2 f3 $19) 31... Qg6+ 32. Qg2 $17) (28... Ng6 $19 {has better winning chances.} 29. Qe2 (29. Bxg7 $2 Nxf4 30. Qb2 Nh3+ 31. Kg2 Rxf1 $19) 29... Qh4 30. Qe6+ Kh8 31. Bxg7+ Kxg7) 29. Bxe5 $17 dxe5 {[%emt 0:00:02] Dancing on a razor blade.} 30. Qh2 $2 {[%emt 0:00:16] [#] Loses the game.} ({Don't go for} 30. Nd3 $2 Rf5 31. Kf2 Qh4+ 32. Ke2 f3+ 33. Rxf3 Qe4+ 34. Kd1 Qxf3+ $19) (30. Qh1 $17 {was called for.} Qg5+ 31. Qg2) 30... Qf5 $1 $19 31. Ne2 Rae8 32. Rf3 Rf6 {[%emt 0:01:58] And now ...Qg4+ would win.} 33. Kh1 Qg4 34. Qg2 (34. Ref1 Rf5 35. Ng1) 34... Qh4+ {[%emt 0:00:02] Weighted Error Value: White=0.78/Black=0.23 (precise)} 0-1